 Dungeon Crawl Stone Soup version 0.15-a0-1569-gdbe329f (console) character file.

91 Money the Ruffian (level 4, -5/37 HPs)
             Began as a Minotaur Gladiator on June 18, 2014.
             Slain by an orc
             ... wielding a +5 dagger
              (6 damage)
             ... on Level 3 of the Dungeon.
             The game lasted 00:02:31 (628 turns).

Money the Ruffian (Minotaur Gladiator)               Turns: 628, Time: 00:02:31

HP  -5/37        AC  3     Str 20      XL: 4   Next: 34%
MP   2/2         EV 14     Int  5      God:
Gold 70          SH  0     Dex 11      Spells:  0 memorised,  3 levels left

rFire  . . .     SeeInvis .     a - +0 quarterstaff
rCold  . . .     Clarity  .     b - +0 leather armour
rNeg   . . .     rCorr    .     (no shield)
rPois  .         rRot     .     c - +0 hat
rElec  .         Spirit   .     (no cloak)
SustAb .         Warding  .     (no gloves)
rMut   .         Stasis   +     (no boots)
Gourm  .                        q - amulet of stasis
MR     .....                    (no ring)
                                l - +2 ring of evasion

@: not resistant to hostile enchantments, very unstealthy
A: retaliatory headbutt, horns 2
a: no special abilities


You were on level 3 of the Dungeon.
You were not hungry.

You visited 1 branch of the dungeon, and saw 3 of its levels.

You collected 70 gold pieces.

Inventory:

Hand weapons
 a - a +0 quarterstaff (weapon)
Missiles
 d - a throwing net (quivered)
Armour
 b - a +0 leather armour (worn)
 c - a +0 hat (worn)
Comestibles
 f - 2 bread rations
 g - a slice of pizza
 j - a meat ration
 o - a royal jelly
Scrolls
 e - a scroll of noise {unknown}
 h - a scroll of enchant armour {unknown}
 k - a scroll of fear {unknown}
 m - a scroll of fog {unknown}
 n - a scroll of magic mapping {unknown}
 p - a scroll of enchant weapon {unknown}
Jewellery
 l - a +2 ring of evasion (left hand)
 q - an amulet of stasis (around neck)
Potions
 i - a potion of curing {unknown}


   Skills:
 - Level 2.4 Fighting
 - Level 3.6 Staves
 - Level 2.0 Throwing
 - Level 3.2 Dodging
 + Level 4.4 Unarmed Combat


You had 3 spell levels left.
You didn't know any spells.

Dungeon Overview and Level Annotations

Branches:
Dungeon (3/15)

Altars:
Qazlal


Innate Abilities, Weirdness & Mutations

You reflexively headbutt those who attack you in melee.
You have a pair of horns on your head.


Message History

The orc priest is almost dead.
The orc hits you with a flail.
The orc priest struggles to escape the net.
The orc hits you with a glowing dagger.
* * * LOW HITPOINT WARNING * * *
The orc priest struggles to escape the net.
You hit the orc priest but do no damage.
The orc priest is almost dead.
The orc closely misses you. The orc hits you with a glowing dagger!
* * * LOW HITPOINT WARNING * * *
The orc priest struggles against the net.
The helpless orc priest fails to defend itself.
You hit the orc priest.
You kill the orc priest!
Your Unarmed Combat skill increases to level 4!
You have reached level 4!
You feel agile. The orc barely misses you. You furiously retaliate!
You headbutt the orc! The orc hits you with a glowing dagger.
You die...

# #.#...#.# #.###.# ##.##
#.#...#.# #.#.####...##
#.#...#.#
####.#........##
#.......#
#...............
####.####
#.##.#.........#
.#########.##...........#
......o...####..#.......
#.##.###o.####....)....#
#(.)@o.......##.#..##
#..#..##.#..###...... #.
#..# .#........### ..
#... #.######## ## #.##.
#. ... .. . ... .. ... #
.>.


You could see 2 orcs.

Vanquished Creatures
  An orc priest (D:3)
  4 adders
  A worm (D:2)
  2 giant geckos (D:3)
  3 bats
  2 goblins (D:3)
  3 jackals (D:3)
  A giant newt (D:1)
  4 kobolds
  2 rats
23 creatures vanquished.

Notes
Turn   | Place    | Note
--------------------------------------------------------------
     0 | D:1      | Money, the Minotaur Gladiator, began the quest for the Orb.
     0 | D:1      | Reached XP level 1. HP: 18/18 MP: 1/1
    97 | D:1      | Reached skill level 1 in Unarmed Combat
   215 | D:2      | Reached XP level 2. HP: 9/25 MP: 1/1
   444 | D:3      | Reached XP level 3. HP: 30/30 MP: 2/2
   464 | D:2      | Found a stormy altar of Qazlal.
   627 | D:3      | HP: 1/30 [orc/glowing dagger (7)]
   628 | D:3      | Reached skill level 4 in Unarmed Combat
   628 | D:3      | Reached XP level 4. HP: 1/37 MP: 2/2
   628 | D:3      | Slain by an orc

Action                   |  1- 3 |  4- 6 || total
-------------------------+-------+-------++-------
Melee: Quarterstaff      |    51 |       ||    51
Throw: Throwing net      |     7 |       ||     7
 Stab: Held in net/web   |     3 |       ||     3
